 Dungeon Crawl Stone Soup version 0.19-a0-1732-g0b18a7b (webtiles) character file.

1343 4thArraOfDagon the Slasher (level 8, -4/62 HPs)
             Began as a Vampire Monk on Sept 30, 2016.
             Slain by a hippogriff (7 damage)
             ... on level 7 of the Dungeon.
             The game lasted 00:07:02 (1486 turns).

4thArraOfDagon the Slasher (Vampire Monk)           Turns: 1486, Time: 00:07:02

Health: -4/62      AC:  4    Str: 15    XL:     8   Next: 35%
Magic:  8/8        EV: 15    Int: 10    God:
Gold:   14         SH:  0    Dex: 21    Spells: 0 memorised, 7 levels left

rFire  . . .     SeeInvis +     c - +4 great sword (freeze)
rCold  . . .     Gourm    .     e - -1 ring mail (curse)
rNeg   . . .     Faith    .     (shield currently unavailable)
rPois  .         Spirit   .     (no helmet)
rElec  .         Dismiss  .     (no cloak)
rCorr  .         Reflect  .     (no gloves)
MR     .....     Harm     .     (no boots)
Stlth  ++........ Rnd*Tele +    (no amulet)
                                (no ring)
                                (no ring)

@: mighty, regenerating quickly
A: fangs 3, see invisible, agile 1, dopey 1, teleportitis 1, wild magic 1,
unbreathing
a: no special abilities


You were on level 7 of the Dungeon.
You were very full.

You visited 1 branch of the dungeon, and saw 7 of its levels.

You collected 80 gold pieces.
You spent 66 gold pieces at shops.

Inventory:

Hand Weapons
 a - a +0 falchion
 c - a +4 great sword of freezing (weapon)
 o - the cursed +1 war axe "Killer Bee's Doom" {venom, rC+ Dex+2, unknown}
   (You took it off an orc priest on level 5 of the Dungeon)

   It poisons the flesh of those it strikes.
   It affects your dexterity (+2).
   It protects you from cold.
   It has a curse placed upon it.
Armour
 b - a +0 robe
 e - a cursed -1 ring mail (worn)
 l - a +0 robe
Magical Staves
 j - an uncursed staff of wizardry {unknown}
Scrolls
 g - 2 scrolls of remove curse
 h - a scroll of immolation
 m - 2 scrolls of teleportation
 p - a scroll of holy word
 q - a scroll of identify
Potions
 d - a potion of might
 f - a potion of resistance
 i - a potion of curing
 k - 2 potions of blood
 n - 2 potions of ambrosia


   Skills:
 + Level 5.3 Fighting
 * Level 7.9 Long Blades
 + Level 6.6 Dodging
 - Level 3.0 Stealth


You had 7 spell levels left.
You didn't know any spells.

Dungeon Overview and Level Annotations

Branches:
Dungeon (7/15)
 Temple: D:4-7

Altars:
Fedhas

Shops:
D:7 *

Annotations:
D:5 Dowan, Duvessa
D:7 exclusion: oklob plant


Innate Abilities, Weirdness & Mutations

Your natural rate of healing is unusually fast.
You have razor-sharp teeth.
You have supernaturally acute eyesight. (SInv)
You can survive without breathing.
You are agile. (Dex +2)
You are dopey. (Int -2)
You are occasionally teleported next to monsters.
Your spells are a little harder to cast, but a little more powerful.


Message History

You barely miss the hippogriff.
The hippogriff bites you but does no damage.
The hippogriff pecks you. The hippogriff closely misses you.
Unknown command.
You slash the hippogriff! You freeze the hippogriff.
The hippogriff is moderately wounded.
The hippogriff bites you!
* * * LOW HITPOINT WARNING * * *
The hippogriff pecks you!
* * * LOW HITPOINT WARNING * * *
The hippogriff misses you.
Unknown command.
You barely miss the hippogriff.
The hippogriff is moderately wounded.
The hippogriff bites you.
* * * LOW HITPOINT WARNING * * *
The hippogriff pecks you.
* * * LOW HITPOINT WARNING * * *
The hippogriff completely misses you. The hippogriff bites you!
You die...

#.# ##..
###.###...
#.........
###.#.####..
# ###...#.#
#.. ##.#
##...###.#
#(. .....
###..###
#..###..
.....h##...##
##.#....
....hWH@.###
.#.#..
....hW####
.#.### .....
# .... ... ..
. # ### #..


You could see a hippogriff, 2 phantoms and 3 jackals.

Vanquished Creatures
  A gargoyle (D:7)
  An ogre (D:7)
  A phantom (D:4)
  2 centaurs
  A big kobold (D:7)
  A bullfrog (D:7)
  3 scorpions
  4 wights (D:6)
  4 crimson imps
  A hound (D:5)
  2 orc priests
  A worker ant (D:7)
  2 adders
  A shadow imp (D:7)
  An adder skeleton (D:6)
  A leopard gecko (D:4)
  3 orcs
  3 jackals (D:4)
  3 quokkas
  2 frilled lizards (D:3)
  10 kobolds
  A quokka skeleton (D:4)
49 creatures vanquished.

Vanquished Creatures (others)
  15 toadstools (D:7)
15 creatures vanquished.

Grand Total: 64 creatures vanquished

Notes
Turn   | Place    | Note
-------+----------+-------------------------------------------
     0 | D:1      | 4thArraOfDagon the Vampire Monk began the quest for the Orb.
     0 | D:1      | Reached XP level 1. HP: 17/17 MP: 1/1
   124 | D:3      | Noticed an orc wizard
   350 | D:5      | Entered Level 5 of the Dungeon
   354 | D:5      | Noticed a crimson imp
   374 | D:5      | Gained mutation: Your spells are a little easier to cast, but a little less powerful. [potion of mutation]
   374 | D:5      | Gained mutation: You are dopey. (Int -2) [potion of mutation]
   374 | D:5      | Gained mutation: You are agile. (Dex +2) [potion of mutation]
   433 | D:7      | Noticed a scorpion
   457 | D:6      | Noticed a scorpion
   457 | D:6      | Noticed a wight
   464 | D:6      | Killed a wight
   464 | D:6      | Reached XP level 2. HP: 11/24 MP: 2/2
   464 | D:6      | Reached XP level 3. HP: 13/29 MP: 3/3
   471 | D:6      | Killed a scorpion
   471 | D:6      | Reached skill level 4 in Long Blades
   471 | D:6      | Reached XP level 4. HP: 14/35 MP: 4/4
   542 | D:6      | Reached XP level 5. HP: 41/41 MP: 5/5
   578 | D:6      | Noticed a centaur
   592 | D:6      | Killed a centaur
   592 | D:6      | Reached skill level 5 in Long Blades
   592 | D:6      | Reached XP level 6. HP: 34/48 MP: 6/6
   618 | D:4      | Lost mutation: Your spells are a little easier to cast, but a little less powerful. [potion of mutation]
   618 | D:4      | Gained mutation: Your spells are a little harder to cast, but a little more powerful. [potion of mutation]
   618 | D:4      | Gained mutation: You are occasionally teleported next to monsters. [potion of mutation]
   728 | D:4      | Reached skill level 5 in Dodging
   785 | D:5      | Noticed Duvessa
   785 | D:5      | Noticed Dowan
  1034 | D:5      | Reached skill level 6 in Long Blades
  1034 | D:5      | Reached XP level 7. HP: 17/54 MP: 7/7
  1036 | D:5      | Got a crude war axe {venom}
  1311 | D:7      | Found a blossoming altar of Fedhas.
  1334 | D:7      | Reached skill level 7 in Long Blades
  1338 | D:7      | Found Umniteuble's Assorted Antiques.
  1346 | D:7      | Bought a scroll labeled CEUD NICVOTSI for 33 gold pieces
  1346 | D:7      | Bought a scroll labeled CEUD NICVOTSI for 33 gold pieces
  1359 | D:7      | Noticed an oklob plant
  1409 | D:7      | Noticed a gargoyle
  1418 | D:7      | Reached XP level 8. HP: 57/61 MP: 8/8
  1429 | D:7      | Killed a gargoyle
  1429 | D:7      | Reached skill level 5 in Fighting
  1475 | D:7      | Noticed a hippogriff
  1486 | D:7      | HP: 3/62 [hippogriff (3)]
  1486 | D:7      | Slain by a hippogriff

Vault maps used:
D:1:      mrwooster_arrival_arrow
D:2:      marbit_many_paths, first_bread, minmay_randomly_rotated_circles
D:3:      kennysheep_vampire_church
D:4:      serial_shops, shop, kennysheep_crisscross
D:5:      uniq_sigmund, uniq_duvessa
D:6:      corexii_shack_village, grunt_temple_overflow_open
D:7:      tgw_fedhas, serial_shops, nicolae_shop_temple_entry_statues_fountains,
          nicolae_shop_trees

Skill      XL: |  1  2  3  4  5  6  7  8 |
---------------+-------------------------+-----
Fighting       | 3 4 5 |  5.3
Long Blades    | 4 5 6 7 |  7.9
Dodging        | 4 5 6 |  6.6
Stealth        | |  3.0

Action                   |  1- 3 |  4- 6 |  7- 9 || total
-------------------------+-------+-------+-------++-------
Melee: Falchion          |    36 |    10 |       ||    46
       Bite              |     5 |     4 |     4 ||    13
       Great sword       |       |    42 |    67 ||   109
  Use: Scroll            |     6 |     2 |     5 ||    13
       Potion            |     3 |     2 |     3 ||     8
 Stab: Sleeping          |     4 |     4 |       ||     8
  Eat: Corpse            |     5 |     3 |     2 ||    10
Armor: Robe              |     1 |     2 |       ||     3
       Ring mail         |       |       |    10 ||    10
Dodge: Dodged            |    19 |    34 |    41 ||    94
